[Event "Team 45 45 League T100"]
[Site "Internet Chess Club"]
[Date "2024.06.02"]
[Round "3"]
[White "Packerfan"]
[Black "trombone"]
[Result "0-1"]
[WhiteElo "1720"]
[BlackElo "1798"]
[Opening "French defense, Steiner variation"]
[ECO "A13"]
[Time "15:13:25"]
[PlyCount "54"]
[TimeControl "2700+45"]

1. c4 e6 2. e4 d5 3. exd5 exd5 4. d4 Nf6 5. Nc3 Be7 6. Nf3 O-O 7. cxd5 Nbd7 8.
Bc4 Nb6 9. Bb3 Nbxd5 10. O-O Bg4 11. h3 Bh5 12. Bg5 c6 13. Nxd5 Nxd5 14. Bxe7
Nxe7 15. Qd3 Bg6 16. Qd2 Qd6 17. Rad1 Rad8 18. Rfe1 Nd5 19. Ne5 Rfe8 20. Nxg6
hxg6 21. Qa5 a6 22. Qc5 Rxe1+ 23. Rxe1 Kf8 24. Bc4 b5 25. Bf1 a5 26. Rc1 Ne7 27.
Rd1 Qxc5 {White resigns} 0-1

[Event "Team 45 45 League T100"]
[Site "Internet Chess Club"]
[Date "2024.05.30"]
[Round "3"]
[White "Salvatore"]
[Black "Megasus"]
[Result "0-1"]
[WhiteElo "1449"]
[BlackElo "1577"]
[Opening "Sicilian: closed"]
[ECO "B23"]
[Time "13:01:21"]
[PlyCount "94"]
[TimeControl "2700+45"]

1. e4 c5 2. Nc3 a6 3. f4 e6 4. Nf3 Nc6 5. Be2 h6 6. O-O Qc7 7. d3 b5 8. a3 Bb7
9. Qe1 Nf6 10. Qg3 Nd4 11. Nxd4 cxd4 12. Nd1 Qxc2 13. Qe1 h5 14. Bd2 Rc8 15. Rc1
Qb3 16. Rxc8+ Bxc8 17. Nf2 Be7 18. h3 Qxb2 19. Bc1 Qa2 20. e5 Nd5 21. Bf3 Nc3
22. Ne4 Nxe4 23. Bxe4 Bxa3 24. Bxa3 Qxa3 25. Qh4 Qe7 26. Qg3 g6 27. Qf2 Qc5 28.
Qh4 Rg8 29. Qg3 d6 30. exd6 Qxd6 31. Rc1 Bd7 32. Qg5 a5 33. g4 hxg4 34. hxg4 a4
35. f5 Qg3+ 36. Kf1 exf5 37. Bc6 Qxd3+ 38. Kg1 Qg3+ 39. Kf1 Qh3+ 40. Ke1 Qe3+
41. Qxe3+ dxe3 42. Bxd7+ Kxd7 43. Ke2 f4 44. Kf3 g5 45. Rc5 b4 46. Rb5 b3 47.
Rb4 Ra8 {White resigns} 0-1

[Event "Team 45 45 League T100"]
[Site "Internet Chess Club"]
[Date "2024.06.02"]
[Round "3"]
[White "fvafier"]
[Black "cayo89"]
[Result "0-1"]
[WhiteElo "1415"]
[BlackElo "1568"]
[Opening "Pirc defense"]
[ECO "B07"]
[Time "10:01:45"]
[PlyCount "42"]
[TimeControl "2700+45"]

1. e4 d6 2. d4 Nf6 3. Nc3 e5 4. Nge2 Nbd7 5. h3 Be7 6. g4 h6 7. Bg2 c6 8. O-O
Qc7 9. f4 exd4 10. Nxd4 g6 11. Be3 Nc5 12. Qd2 Ne6 13. Rae1 Bd7 14. Nde2 O-O-O
15. f5 gxf5 16. exf5 Nc5 17. Nf4 d5 18. Bd4 Be8 19. Nh5 Nfe4 20. Qe3 Bg5 21. Qf2
Nxf2 {White resigns} 0-1

[Event "Team 45 45 League T100"]
[Site "Internet Chess Club"]
[Date "2024.05.30"]
[Round "3"]
[White "cysk"]
[Black "Portola"]
[Result "0-1"]
[WhiteElo "1648"]
[BlackElo "1625"]
[Opening "French: advance, Paulsen attack"]
[ECO "C02"]
[Time "17:07:12"]
[PlyCount "42"]
[TimeControl "2700+45"]

1. e4 e6 2. d4 d5 3. e5 c5 4. c3 Nc6 5. Nf3 Qb6 6. a3 c4 7. Be2 Bd7 8. O-O h6 9.
Re1 Be7 10. Nbd2 g5 11. h3 f5 12. exf6 Nxf6 13. b3 cxb3 14. Qxb3 Qxb3 15. Nxb3
Ne4 16. Bb2 h5 17. c4 g4 18. hxg4 hxg4 19. Ne5 g3 20. f3 Nf2 21. Nxd7 Rh1#
{White checkmated} 0-1

[Event "Team 45 45 League T100"]
[Site "Internet Chess Club"]
[Date "2024.06.02"]
[Round "3"]
[White "kabindra"]
[Black "WillC"]
[Result "1-0"]
[WhiteElo "1721"]
[BlackElo "1548"]
[Opening "Scandinavian defense"]
[ECO "B01"]
[Time "13:03:00"]
[PlyCount "141"]
[TimeControl "2700+45"]

1. e4 d5 2. exd5 Nf6 3. Be2 Nxd5 4. d4 Bf5 5. a3 e6 6. c4 Nf6 7. Nc3 Be7 8. Nf3
h6 9. O-O O-O 10. Bf4 c6 11. b4 a6 12. c5 Nh5 13. Be3 Nf6 14. Qb3 Nbd7 15. Rad1
Ne4 16. Ne5 Qc7 17. Nc4 Nxc3 18. Qxc3 Be4 19. Qd2 Nf6 20. Bf4 Qd8 21. Nd6 Bxd6
22. Bxd6 Re8 23. f3 Bd5 24. Bd3 Qd7 25. Rfe1 Red8 26. Bb1 Ne8 27. Qc2 f5 28. Be5
Qf7 29. Qf2 Nf6 30. h3 Nd7 31. Bd6 Nf6 32. Re3 Ne8 33. Be5 Nf6 34. Ba2 Rd7 35.
Bxd5 Rxd5 36. Qh4 Rad8 37. Bd6 Re8 38. Rde1 Nh7 39. Be5 Nf8 40. f4 Ng6 41. Qf2
Nxe5 42. Rxe5 Rxe5 43. dxe5 Qd7 44. Kh2 Rd8 45. Qh4 Qd4 46. Rf1 Rd7 47. Rf3 a5
48. Rg3 Kh8 49. Qh5 axb4 50. axb4 Qd5 51. Qg6 Re7 52. Ra3 Qd8 53. h4 Re8 54. Kh3
Re7 55. g3 Qe8 56. h5 Qxg6 57. hxg6 Re8 58. Ra7 Rb8 59. g4 fxg4+ 60. Kxg4 Kg8
61. f5 exf5+ 62. Kxf5 Kf8 63. Ke6 h5 64. Kd7 h4 65. e6 Re8 66. Rxb7 Re7+ 67. Kc8
Rxb7 68. Kxb7 h3 69. Kxc6 h2 70. Kd7 h1=Q 71. e7+ {Black resigns} 1-0

[Event "Team 45 45 League T100"]
[Site "Internet Chess Club"]
[Date "2024.06.01"]
[Round "3"]
[White "ChessMaine"]
[Black "burlap"]
[Result "1-0"]
[WhiteElo "1494"]
[BlackElo "1469"]
[Opening "Queen's pawn: stonewall attack"]
[ECO "D00"]
[Time "20:00:51"]
[PlyCount "57"]
[TimeControl "2700+45"]

1. d4 d5 2. e3 Nf6 3. Bd3 c5 4. c3 Nc6 5. f4 Bg4 6. Nf3 Ne4 7. O-O e6 8. Qa4
Bxf3 9. gxf3 Nf6 10. e4 cxd4 11. e5 dxc3 12. exf6 Qb6+ 13. Rf2 cxb2 14. Bxb2 Bc5
15. Qc2 Bxf2+ 16. Qxf2 Qxf2+ 17. Kxf2 O-O-O 18. fxg7 Rhe8 19. Bxh7 d4 20. Nd2
Ne7 21. Rg1 Ng8 22. Bxg8 Rxg8 23. Ne4 d3 24. Ke3 f5 25. Nd2 Rd7 26. Be5 Kd8 27.
h4 Ke8 28. h5 Kf7 29. h6 {Black resigns} 1-0

[Event "Team 45 45 League T100"]
[Site "Internet Chess Club"]
[Date "2024.06.04"]
[Round "3"]
[White "primerpaso"]
[Black "room-matt"]
[Result "1-0"]
[WhiteElo "1809"]
[BlackElo "1818"]
[Opening "English: Bremen, Smyslov system"]
[ECO "A21"]
[Time "14:31:18"]
[PlyCount "61"]
[TimeControl "2700+45"]

1. c4 e5 2. Nc3 Bb4 3. g3 Nf6 4. Bg2 Bxc3 5. bxc3 O-O 6. e4 Nc6 7. Ne2 d6 8. O-O
Be6 9. d3 Re8 10. f4 a6 11. h3 b5 12. cxb5 axb5 13. Qc2 b4 14. Bd2 Qb8 15. f5
Qa7+ 16. Kh2 Bxa2 17. cxb4 Nd4 18. Nxd4 exd4 19. e5 dxe5 20. Bxa8 Rxa8 21. Bg5
Nd5 22. Bd2 Qa4 23. Rfc1 h5 24. Qb2 Qa3 25. Qxa3 Rxa3 26. Rc5 c6 27. b5 e4 28.
dxe4 Nf6 29. bxc6 Nxe4 30. Rc2 Bb3 31. c7 {Black resigns} 1-0

[Event "Team 45 45 League T100"]
[Site "Internet Chess Club"]
[Date "2024.06.01"]
[Round "3"]
[White "Beetlejuice"]
[Black "trombone"]
[Result "1/2-1/2"]
[WhiteElo "1729"]
[BlackElo "1784"]
[Opening "French defense, Steiner variation"]
[ECO "A13"]
[Time "15:15:39"]
[PlyCount "39"]
[TimeControl "2700+45"]

1. c4 e6 2. e4 d5 3. cxd5 exd5 4. exd5 Nf6 5. Bb5+ Nbd7 6. Nc3 a6 7. Be2 Nb6 8.
Nf3 Nbxd5 9. d4 Be7 10. h3 O-O 11. O-O Be6 12. Bd2 Qd6 13. Ne5 b5 14. b3 Nxc3
15. Bxc3 Nd5 16. Bb2 Rac8 17. Qd2 Rfd8 18. Rac1 c5 19. dxc5 Rxc5 20. Rxc5 {Game
drawn by mutual agreement} 1/2-1/2

[Event "Team 45 45 League T100"]
[Site "Internet Chess Club"]
[Date "2024.05.31"]
[Round "3"]
[White "jjmolina1"]
[Black "bobhill"]
[Result "0-1"]
[WhiteElo "1484"]
[BlackElo "1875"]
[Opening "English: symmetrical variation"]
[ECO "A38"]
[Time "10:02:05"]
[PlyCount "156"]
[TimeControl "2700+45"]

1. Nf3 c5 2. g3 Nc6 3. Bg2 g6 4. c4 Bg7 5. Nc3 Nf6 6. d4 cxd4 7. Nxd4 O-O 8. O-O
Nxd4 9. Qxd4 d6 10. Qd3 Rb8 11. Be3 Qa5 12. Qd2 b6 13. Bh6 Qh5 14. Bxg7 Kxg7 15.
Ne4 Nxe4 16. Bxe4 Bh3 17. Bf3 Qe5 18. Rfc1 h5 19. Qc3 f6 20. Qxe5 fxe5 21. Rc3
Rf6 22. Rac1 Rbf8 23. Ra3 e4 24. Bxe4 Rxf2 25. Bf3 R8xf3 26. Rxf3 Rg2+ 27. Kf1
Rxh2+ 28. Ke1 Bf5 29. Rf2 Rh3 30. Rc3 e5 31. Ra3 Kh6 32. Kd2 Be6 33. Rc3 Kg5 34.
b3 Bf5 35. a4 a5 36. Re3 Kg4 37. Rff3 e4 38. Rf4+ Kg5 39. Ke1 Rh1+ 40. Rf1 Rh2
41. Rf2 Rh3 42. Rf4 Rh2 43. Rf2 Rh1+ 44. Rf1 Rxf1+ 45. Kxf1 Bh3+ 46. Kf2 Kf5 47.
Ke1 Ke5 48. Kd2 Bg4 49. Rc3 Kd4 50. e3+ Kc5 51. Rc1 g5 52. Rh1 Kb4 53. Kc2 Bf3
54. Rh2 Kc5 55. Kc3 d5 56. cxd5 Kxd5 57. Rd2+ Ke6 58. Rd8 Kf5 59. Kd2 Kg4 60.
Rg8 Kxg3 61. Rxg5+ Bg4 62. b4 axb4 63. Rb5 h4 64. Rxb4 h3 65. Rxb6 h2 66. Rb1
Kg2 67. Kc3 Bc8 68. Rb2+ Kg3 69. Rb1 Ba6 70. Ra1 Kg2 71. Ra2+ Kg1 72. Rxh2 Kxh2
73. Kd4 Bb7 74. a5 Kg3 75. a6 Ba8 76. Ke5 Kf3 77. Kd4 Kf2 78. a7 Ke2 {White
resigns} 0-1

[Event "Team 45 45 League T100"]
[Site "Internet Chess Club"]
[Date "2024.05.31"]
[Round "3"]
[White "Gojira"]
[Black "Gilguli"]
[Result "1-0"]
[WhiteElo "1655"]
[BlackElo "1459"]
[Opening "Old Benoni defense"]
[ECO "A43"]
[Time "15:07:13"]
[PlyCount "31"]
[TimeControl "2700+45"]

1. d4 c5 2. d5 d6 3. c4 e5 4. dxe6 fxe6 5. Nc3 g6 6. Nf3 a6 7. a4 h6 8. Bf4 Nf6
9. Qc2 Kf7 10. Rd1 Nc6 11. e3 Nb4 12. Qb1 b6 13. Ne4 Nxe4 14. Qxe4 Rb8 15. Ne5+
Ke8 16. Qxg6+ {Black resigns} 1-0

[Event "Team 45 45 League T100"]
[Site "Internet Chess Club"]
[Date "2024.06.02"]
[Round "3"]
[White "Lawkeito"]
[Black "BuddyT"]
[Result "0-1"]
[WhiteElo "1674"]
[BlackElo "1861"]
[Opening "QGD: Ragozin variation"]
[ECO "D38"]
[Time "18:07:17"]
[PlyCount "34"]
[TimeControl "2700+45"]

1. d4 Nf6 2. c4 e6 3. Nf3 d5 4. Nc3 Bb4 5. cxd5 exd5 6. Bg5 h6 7. Bxf6 Qxf6 8.
Qb3 Qb6 9. e3 c6 10. Bd3 O-O 11. O-O Bd6 12. Qc2 Bg4 13. Nd2 Qc7 14. f4 Qe7 15.
Rae1 Qh4 16. Nf3 Bxf3 17. Rxf3 Qxe1+ {White resigns} 0-1

[Event "Team 45 45 League T100"]
[Site "Internet Chess Club"]
[Date "2024.06.01"]
[Round "3"]
[White "QuieroAprender"]
[Black "VictorRed"]
[Result "1/2-1/2"]
[WhiteElo "1716"]
[BlackElo "1717"]
[Opening "Queen's pawn: Chigorin variation"]
[ECO "D00"]
[Time "21:22:41"]
[PlyCount "93"]
[TimeControl "2700+45"]

1. d4 d5 2. Nc3 c6 3. Bf4 Nf6 4. Nf3 Nbd7 5. e3 Nh5 6. Bg3 Nxg3 7. hxg3 h6 8.
Bd3 e6 9. Ne5 Nxe5 10. dxe5 Bb4 11. Kf1 Qc7 12. f4 b5 13. Ne2 a6 14. c3 Ba5 15.
Nd4 c5 16. Nf3 Bb6 17. Rc1 c4 18. Be2 Bxe3 19. Rc2 Bb6 20. g4 Bb7 21. Nd4 Bxd4
22. Qxd4 Rc8 23. g5 Ke7 24. gxh6 Rxh6 25. Rxh6 gxh6 26. Qf2 Rh8 27. Bh5 Kf8 28.
Rd2 Rg8 29. Bf3 Qe7 30. Qb6 Rh8 31. g3 Kg7 32. f5 exf5 33. Bxd5 Bc8 34. Qd6 Qxd6
35. exd6 Rd8 36. Bc6 Bd7 37. Bxd7 Rxd7 38. a4 Kf6 39. axb5 axb5 40. Rd5 Ke6 41.
Rxb5 Rxd6 42. Ke2 Rc6 43. Ke3 f6 44. Kf4 Rd6 45. Rxf5 Rb6 46. Rc5 Rxb2 47. Rxc4
{Game drawn by mutual agreement} 1/2-1/2

[Event "Team 45 45 League T100"]
[Site "Internet Chess Club"]
[Date "2024.06.02"]
[Round "3"]
[White "kabindra"]
[Black "Portola"]
[Result "0-1"]
[WhiteElo "1712"]
[BlackElo "1666"]
[Opening "French: advance, Milner-Barry gambit"]
[ECO "C02"]
[Time "10:04:36"]
[PlyCount "84"]
[TimeControl "2700+45"]

1. e4 e6 2. d4 d5 3. e5 c5 4. c3 Nc6 5. Nf3 Qb6 6. Bd3 Bd7 7. O-O Nge7 8. dxc5
Qxc5 9. b4 Qb6 10. Be3 Qc7 11. Bc5 b6 12. Bd6 Qd8 13. Nd4 Nxd4 14. cxd4 Nc6 15.
Bxf8 Kxf8 16. a3 Nxd4 17. Qg4 Nc6 18. f4 f5 19. exf6 Qxf6 20. Nd2 Qd4+ 21. Kh1
Qxd3 22. f5 exf5 23. Qf4 Kf7 24. Qd6 Rad8 25. Nf3 h6 26. Rad1 Be8 27. Qc7+ Rd7
28. Qxc6 Re7 29. Qxe8+ Rhxe8 30. Rxd3 g5 31. Rxd5 f4 32. Kg1 Kg7 33. Rfd1 g4 34.
Nd4 Kh7 35. Nc6 Re2 36. R5d2 R2e3 37. Rd7+ Kg6 38. R1d6+ Kh5 39. Rd5+ Kh4 40.
Nd4 Re1+ 41. Kf2 g3+ 42. hxg3+ fxg3+ {White resigns} 0-1

[Event "Team 45 45 League T100"]
[Site "Internet Chess Club"]
[Date "2024.06.02"]
[Round "3"]
[White "fishhead"]
[Black "fileman"]
[Result "1-0"]
[WhiteElo "2028"]
[BlackElo "1726"]
[Opening "Ruy Lopez: fianchetto (Smyslov/Barnes) defense"]
[ECO "C60"]
[Time "14:05:57"]
[PlyCount "139"]
[TimeControl "2700+45"]

1. e4 e5 2. Nf3 Nc6 3. Bb5 g6 4. c3 Bg7 5. d4 exd4 6. cxd4 a6 7. Ba4 b5 8. Bb3
Na5 9. Bc2 Bb7 10. O-O Ne7 11. Nc3 d5 12. e5 O-O 13. Bg5 f6 14. Bh4 fxe5 15.
Nxe5 Qd6 16. Bg3 Nf5 17. Bxf5 Rxf5 18. Rc1 Rc8 19. Ne2 Qd8 20. Nd3 c6 21. Nc5
Qb6 22. Nf4 Re8 23. Re1 Rxe1+ 24. Qxe1 Bc8 25. Nfe6 Nb7 26. Nxg7 Kxg7 27. Qe7+
Rf7 28. Qe5+ Kg8 29. Qb8 Qd8 30. Nxa6 Qd7 31. Nb4 Nd8 32. Nd3 Qb7 33. f3 Qxb8
34. Bxb8 Bb7 35. Kf2 Ne6 36. Be5 Rf8 37. Ke3 Ra8 38. a3 Ra4 39. Nb4 Kf7 40. Nxc6
Rc4 41. Rxc4 dxc4 42. d5 Nc5 43. Nd8+ Ke7 44. Nxb7 Nxb7 45. Kd4 Kd7 46. f4 h5
47. g3 Ke7 48. h3 Kd7 49. g4 hxg4 50. hxg4 Ke7 51. f5 gxf5 52. gxf5 Kd7 53. f6
Ke8 54. d6 Kf7 55. Kd5 Nd8 56. d7 Nb7 57. Bd4 Nd8 58. Kc5 Ke6 59. Kxb5 Kxd7 60.
Kxc4 Kc6 61. b4 Nf7 62. b5+ Kd6 63. a4 Kc7 64. a5 Nd6+ 65. Kb4 Nf7 66. a6 Kb8
67. b6 Nd6 68. Kc5 Nf7 69. b7 Nd8 70. Be5+ {Black resigns} 1-0

[Event "Team 45 45 League T100"]
[Site "Internet Chess Club"]
[Date "2024.06.01"]
[Round "3"]
[White "MrAbendroth"]
[Black "LookImYourVader"]
[Result "1-0"]
[WhiteElo "1668"]
[BlackElo "1746"]
[Opening "Sicilian: O'Kelly variation"]
[ECO "B28"]
[Time "15:00:36"]
[PlyCount "79"]
[TimeControl "2700+45"]

1. e4 c5 2. Nf3 a6 3. Nc3 b5 4. d4 cxd4 5. Nxd4 e6 6. Bd3 Qb6 7. Be3 Bc5 8. Nce2
Nc6 9. c3 b4 10. O-O Nge7 11. Nxc6 Nxc6 12. Bxc5 Qxc5 13. Rc1 O-O 14. Kh1 Ne5
15. Bb1 Bb7 16. Ng3 Rac8 17. Qh5 d6 18. h3 Ng6 19. Qg4 Ne5 20. Qh5 Ng6 21. Qg4
Ne5 22. Qe2 Qc4 23. Qe3 Qc5 24. Qe1 Qb5 25. cxb4 Rxc1 26. Qxc1 Qxb4 27. b3 Rc8
28. Qe3 Qc5 29. Qd2 h6 30. Rd1 Rc6 31. f4 Nd7 32. e5 d5 33. Qe2 Qb4 34. Qg4 Qf8
35. Nh5 f5 36. exf6 Nxf6 37. Qg6 Qf7 38. Nxf6+ Qxf6 39. Qe8+ Qf8 40. Bh7+ {Black
resigns} 1-0

[Event "Team 45 45 League T100"]
[Site "Internet Chess Club"]
[Date "2024.06.04"]
[Round "3"]
[White "ElValero"]
[Black "LoseOften"]
[Result "1-0"]
[WhiteElo "1657"]
[BlackElo "1668"]
[Opening "English opening"]
[ECO "A05"]
[Time "13:00:04"]
[PlyCount "37"]
[TimeControl "2700+45"]

1. Nf3 Nf6 2. c4 Nc6 3. d4 e6 4. Bg5 h6 5. Bxf6 Qxf6 6. Nc3 Bb4 7. e3 O-O 8. Rc1
b6 9. Be2 Bb7 10. a4 Qe7 11. O-O f5 12. d5 Nd8 13. Ne5 Rf6 14. dxe6 d6 15. Nd3
Bxc3 16. Rxc3 Nxe6 17. Bf3 Bxf3 18. Qxf3 Ng5 19. Qxa8+ {Black resigns} 1-0

[Event "Team 45 45 League T100"]
[Site "Internet Chess Club"]
[Date "2024.06.02"]
[Round "3"]
[White "Egmont"]
[Black "vollmerj"]
[Result "0-1"]
[WhiteElo "1608"]
[BlackElo "1535"]
[Opening "King's Indian: Makagonov system (5.h3)"]
[ECO "E71"]
[Time "11:19:52"]
[PlyCount "36"]
[TimeControl "2700+45"]

1. d4 Nf6 2. c4 g6 3. Nc3 Bg7 4. e4 d6 5. h3 O-O 6. Be3 Nc6 7. Nf3 e5 8. d5 Nd4
9. Nxd4 exd4 10. Qxd4 Ng4 11. Qd2 Nxe3 12. Qxe3 f5 13. Bd3 fxe4 14. Bxe4 Re8 15.
f3 Qh4+ 16. Qf2 Bxc3+ 17. bxc3 Qf6 18. Kd2 Rxe4 {White resigns} 0-1

[Event "Team 45 45 League T100"]
[Site "Internet Chess Club"]
[Date "2024.06.02"]
[Round "3"]
[White "Gojira"]
[Black "ElValero"]
[Result "1-0"]
[WhiteElo "1671"]
[BlackElo "1639"]
[Opening "Grünfeld: modern exchange variation"]
[ECO "D90"]
[Time "11:30:51"]
[PlyCount "71"]
[TimeControl "2700+45"]

1. d4 Nf6 2. Nf3 g6 3. c4 d5 4. Nc3 Bg7 5. cxd5 Nxd5 6. e4 Nxc3 7. bxc3 O-O 8.
Be2 c5 9. Be3 cxd4 10. Bxd4 e5 11. Nxe5 Qg5 12. h4 Qf4 13. Nc4 Rd8 14. Qd3 Nc6
15. Qe3 Qc7 16. Bxg7 Kxg7 17. O-O b5 18. Nb2 a6 19. Nd3 Na5 20. Nb4 Be6 21. Rfd1
Nc4 22. Bxc4 Bxc4 23. Nd5 Qa5 24. Nb6 Rxd1+ 25. Rxd1 Re8 26. Qd4+ Kg8 27. Nxc4
bxc4 28. Qxc4 Qh5 29. Rd7 Re6 30. Qd4 Qe5 31. f3 Re7 32. Rd5 Qe6 33. Rd6 Qe5 34.
Qxe5 Rxe5 35. Rxa6 Rc5 36. Ra3 {Black resigns} 1-0

[Event "Team 45 45 League T100"]
[Site "Internet Chess Club"]
[Date "2024.05.31"]
[Round "3"]
[White "Salvatore"]
[Black "Rookmaster"]
[Result "0-1"]
[WhiteElo "1434"]
[BlackElo "1492"]
[Opening "Pirc defense"]
[ECO "B07"]
[Time "12:00:25"]
[PlyCount "92"]
[TimeControl "2700+45"]

1. e4 d6 2. d4 Nf6 3. Nc3 Nbd7 4. Bc4 e5 5. Nf3 Be7 6. O-O c6 7. Ng5 O-O 8. d5
h6 9. Nf3 Qc7 10. Bb3 Nc5 11. Re1 Nxb3 12. axb3 Bg4 13. Qd3 Bxf3 14. Qxf3 Qd7
15. h3 Kh7 16. Be3 a6 17. Na4 Bd8 18. c4 c5 19. Nc3 Ng8 20. g4 Bh4 21. Ne2 b5
22. Ng3 Bxg3 23. Qxg3 bxc4 24. bxc4 Rfb8 25. Re2 Rb7 26. Qh4 f6 27. f4 Rb3 28.
f5 a5 29. g5 fxg5 30. Bxg5 a4 31. Bc1 Qe7 32. Qg4 Nf6 33. Qg6+ Kh8 34. Ra3 Rxa3
35. bxa3 Rg8 36. Rg2 Qe8 37. Qg3 Qh5 38. Qd3 Rb8 39. Kh2 Rb3 40. Qe2 Rxh3+ 41.
Kg1 Rh1+ 42. Kf2 Qxe2+ 43. Kxe2 Rxc1 44. Kd2 Ra1 45. Ke3 Rxa3+ 46. Kf2 Ra2+
{White resigns} 0-1

[Event "Team 45 45 League T100"]
[Site "Internet Chess Club"]
[Date "2024.06.01"]
[Round "3"]
[White "BlueStorm"]
[Black "cayo89"]
[Result "0-1"]
[WhiteElo "1536"]
[BlackElo "1558"]
[Opening "Pirc defense"]
[ECO "B07"]
[Time "13:03:00"]
[PlyCount "116"]
[TimeControl "2700+45"]

1. e4 d6 2. d4 Nf6 3. Nc3 e5 4. dxe5 dxe5 5. Qxd8+ Kxd8 6. Nf3 Bd6 7. Bg5 Be6 8.
O-O-O Nd7 9. Nd5 Bxd5 10. Rxd5 Ke7 11. Rd2 a6 12. Bc4 Nc5 13. Re1 Rac8 14. Nxe5
Bxe5 15. f4 Bxf4 16. Bxf4 Nfxe4 17. Bd5 f5 18. b4 c6 19. Bd6+ Kf6 20. Bxc5 cxd5
21. Rxd5 Rhd8 22. Bd4+ Kg6 23. Rxd8 Rxd8 24. c3 Rc8 25. Kb2 b5 26. g4 Rc7 27.
gxf5+ Kxf5 28. Rf1+ Ke6 29. Rf4 Nd2 30. Rg4 g6 31. Kc2 Nc4 32. h4 Rf7 33. Re4+
Kf5 34. Re1 Kg4 35. Rh1 Rf3 36. Bc5 Rh3 37. Rxh3 Kxh3 38. Be7 Kg4 39. Kd3 h6 40.
Kd4 g5 41. hxg5 hxg5 42. Kc5 Kf5 43. a4 Na3 44. axb5 axb5 45. Kd4 Kf4 46. Bd6+
Kf3 47. Kd3 g4 48. c4 Nxc4 49. Bc5 g3 50. Kd4 g2 51. Kd5 Ne3+ 52. Kc6 g1=Q 53.
Kxb5 Qf1+ 54. Kc6 Qa6+ 55. Bb6 Nd5 56. Kxd5 Qxb6 57. Kc4 Ke4 58. b5 Ke5 {White
resigns} 0-1

[Event "Team 45 45 League T100"]
[Site "Internet Chess Club"]
[Date "2024.05.30"]
[Round "3"]
[White "Toalla"]
[Black "trogers41"]
[Result "0-1"]
[WhiteElo "1107"]
[BlackElo "1426"]
[Opening "Giuoco Piano"]
[ECO "C50"]
[Time "14:05:02"]
[PlyCount "36"]
[TimeControl "2700+45"]

1. e4 e5 2. Nf3 Nc6 3. Bc4 Bc5 4. d4 exd4 5. O-O d6 6. h3 Nf6 7. Re1 O-O 8. c3
dxc3 9. Nxc3 h6 10. a3 a5 11. Be3 Bxe3 12. Rxe3 Bd7 13. Nd5 Be6 14. Nd4 Bxd5 15.
Bxd5 Nxd5 16. Nxc6 Nxe3 17. Nxd8 Nxd1 18. Rxd1 Rfxd8 {White resigns} 0-1

[Event "Team 45 45 League T100"]
[Site "Internet Chess Club"]
[Date "2024.05.31"]
[Round "3"]
[White "Portola"]
[Black "fhunfi"]
[Result "1-0"]
[WhiteElo "1646"]
[BlackElo "1717"]
[Opening "Queen's pawn"]
[ECO "A40"]
[Time "17:41:50"]
[PlyCount "71"]
[TimeControl "2700+45"]

1. d4 e6 2. Nf3 d5 3. c3 Bd6 4. Bg5 Ne7 5. Nbd2 c5 6. e3 Nbc6 7. Bd3 O-O 8. O-O
f6 9. Bh4 cxd4 10. exd4 Nf5 11. Bg3 Nxg3 12. hxg3 Qe8 13. Re1 Qh5 14. Nh2 Qxd1
15. Raxd1 e5 16. dxe5 fxe5 17. Ndf1 Bc5 18. Ne3 d4 19. cxd4 Bxd4 20. Rd2 Be6 21.
a3 Rad8 22. Red1 Bxe3 23. fxe3 Bb3 24. Rc1 e4 25. Bc4+ Bxc4 26. Rxd8 Rxd8 27.
Rxc4 Rd2 28. Rxe4 Rxb2 29. Nf3 h6 30. Nh4 Rb3 31. a4 Rb4 32. Rf4 a6 33. Nf5 b5
34. Ne7+ Nxe7 35. Rxb4 Nc6 36. Rf4 {Black resigns} 1-0

[Event "Team 45 45 League T100"]
[Site "Internet Chess Club"]
[Date "2024.06.01"]
[Round "3"]
[White "chesskix"]
[Black "Signofthetimes"]
[Result "0-1"]
[WhiteElo "1417"]
[BlackElo "1514"]
[Opening "English: Caro-Kann defensive system"]
[ECO "A11"]
[Time "21:01:15"]
[PlyCount "58"]
[TimeControl "2700+45"]

1. c4 c6 2. Nc3 d5 3. b3 Nf6 4. e3 Bf5 5. Bb2 e6 6. h3 Bb4 7. Nf3 O-O 8. Nd4 Bg6
9. Nc2 Bxc3 10. Bxc3 Ne4 11. Bb2 Qh4 12. Qf3 Ng5 13. Qg3 Qxg3 14. fxg3 Bxc2 15.
cxd5 Bg6 16. d6 Ne4 17. Ba3 Nxg3 18. Rg1 Nxf1 19. Rxf1 Bd3 20. Rf2 Rd8 21. Rc1
Nd7 22. Rf4 e5 23. Rf2 e4 24. g4 Ne5 25. Rf5 f6 26. Rf2 Bb5 27. Rc3 Nd3+ 28.
Rxd3 Bxd3 29. Bb4 b6 {White resigns} 0-1

[Event "Team 45 45 League T100"]
[Site "Internet Chess Club"]
[Date "2024.06.02"]
[Round "3"]
[White "nosir"]
[Black "BIRDSMAN"]
[Result "1/2-1/2"]
[WhiteElo "1436"]
[BlackElo "1464"]
[Opening "Queen's pawn: London system"]
[ECO "A45"]
[Time "16:22:24"]
[PlyCount "91"]
[TimeControl "2700+45"]

1. d4 Nf6 2. Bf4 e6 3. e3 c5 4. c3 Nc6 5. Bd3 d5 6. Nf3 Bd6 7. Bxd6 Qxd6 8. Nbd2
O-O 9. O-O a6 10. e4 dxe4 11. Nxe4 Nxe4 12. Bxe4 h6 13. Qc2 Bd7 14. Rfe1 cxd4
15. cxd4 Rfd8 16. Rad1 Rac8 17. Qe2 Qc7 18. d5 exd5 19. Bxd5 Re8 20. Qd2 Bg4 21.
Rxe8+ Rxe8 22. Qc2 Qe7 23. h3 Bxf3 24. Bxf3 Qf6 25. Bxc6 bxc6 26. Qd2 c5 27. b3
Qe6 28. Kf1 c4 29. Re1 Qxe1+ 30. Qxe1 Rxe1+ 31. Kxe1 cxb3 32. axb3 Kf8 33. Kd2
Ke7 34. Kd3 Ke6 35. Kc3 Kd5 36. Kd3 Kc5 37. Kc3 a5 38. Kd3 Kb4 39. Kc2 f5 40. g3
h5 41. Kb2 g5 42. Kc2 Kc5 43. Kc3 g4 44. h4 Kb5 45. Kd3 Kb4 46. Kc2 {Game drawn
by mutual agreement} 1/2-1/2

[Event "Team 45 45 League T100"]
[Site "Internet Chess Club"]
[Date "2024.06.01"]
[Round "3"]
[White "BrerRabbit"]
[Black "herrahuu"]
[Result "0-1"]
[WhiteElo "1291"]
[BlackElo "1389"]
[Opening "Queen's pawn game, Darooha variation "]
[ECO "D02"]
[Time "11:01:29"]
[PlyCount "114"]
[TimeControl "2700+45"]

1. d4 d5 2. Nf3 Nf6 3. g3 c6 4. Bg2 Bf5 5. c4 e6 6. Nc3 Be7 7. Qb3 Qb6 8. c5
Qxb3 9. axb3 O-O 10. b4 Na6 11. b5 Nb4 12. O-O a5 13. Bf4 Ne4 14. Bc7 Bd8 15.
Bxd8 Rfxd8 16. Nh4 Nd2 17. Rfd1 Ne4 18. Nxf5 exf5 19. bxc6 bxc6 20. Nxe4 fxe4
21. Ra4 Rdb8 22. Rd2 f5 23. Bf1 g5 24. e3 h5 25. Be2 g4 26. Rd1 Nc2 27. Ra2 Nb4
28. Ra4 Nc2 29. Ra2 a4 30. Rc1 Nb4 31. Ra3 Nd3 32. Bxd3 exd3 33. Rxd3 Rxb2 34.
Ra1 Rab8 35. Rda3 Re2 36. R3a2 Rxa2 37. Rxa2 Rb4 38. Kg2 Kf7 39. Ra3 Ke6 40. Ra2
Kd7 41. Ra3 Kc7 42. Ra1 Kb7 43. Kf1 Ka6 44. Ke2 Ka5 45. Ra2 Rb3 46. f3 Kb4 47.
fxg4 hxg4 48. h3 gxh3 49. Kf3 a3 50. Kf4 Rb2 51. Kxf5 Rxa2 52. g4 Rg2 53. g5 a2
54. g6 a1=Q 55. Kf6 Qf1+ 56. Kg7 h2 57. Kh7 h1=Q+ {White resigns} 0-1

[Event "Team 45 45 League T100"]
[Site "Internet Chess Club"]
[Date "2024.06.03"]
[Round "3"]
[White "julesraider"]
[Black "AlWynJones"]
[Result "1-0"]
[WhiteElo "1619"]
[BlackElo "1484"]
[Opening "King's Indian: orthodox, Aronin-Taimanov, bayonet attack"]
[ECO "E97"]
[Time "18:00:14"]
[PlyCount "63"]
[TimeControl "2700+45"]

1. d4 Nf6 2. c4 g6 3. Nc3 Bg7 4. e4 d6 5. Nf3 O-O 6. Be2 e5 7. O-O Nc6 8. d5 Ne7
9. b4 a5 10. b5 h6 11. Re1 Nh5 12. Nd2 Nf4 13. Bf3 f5 14. Qc2 g5 15. exf5 Nxf5
16. Be4 Nd4 17. Qd1 Bf5 18. Bxf5 Rxf5 19. Nde4 Qf8 20. Be3 c5 21. bxc6 bxc6 22.
dxc6 Nxc6 23. Bxf4 exf4 24. Rc1 Be5 25. Qd5+ Qf7 26. Qxc6 Re8 27. Nxd6 Qf6 28.
Qxe8+ Kh7 29. Nxf5 Bxc3 30. Re7+ Qg7 31. Nxg7 Bxg7 32. Qf7 {Black resigns} 1-0